 Dungeon Crawl Stone Soup version 0.27.1-2-g3b301248ec (webtiles) character file.

Game seed: 15229901688260462331

452 barney the Changer (level 6, -4/47 HPs)
             Began as a Draconian Transmuter on Oct 4, 2021.
             Killed by nerve-wracking pain
             ... invoked by an orc priest
              (13 damage)
             ... on level 3 of the Dungeon.
             The game lasted 00:06:49 (6385 turns).

barney the Changer (Draconian Transmuter)           Turns: 6385, Time: 00:06:49

Health: -4/47      AC:  2    Str: 12    XL:     6   Next: 75%
Magic:  0/9        EV: 19    Int: 16    God:
Gold:   141        SH:  0    Dex: 16    Spells: 3/9 levels left

rFire    . . .     SeeInvis .     - Unarmed
rCold    . . .     Faith    .   (shield currently unavailable)
rNeg     . . .     Spirit   +   (armour unavailable)
rPois    x         Reflect  .   (helmet currently unavailable)
rElec    .         Harm     .   (cloak currently unavailable)
rCorr    .         Rampage  .   (gloves currently unavailable)
Will     .....                  (boots currently unavailable)
Stlth    +.........             a - amulet of guardian spirit
HPRegen  0.15/turn              (no ring)
MPRegen  0.11/turn              (no ring)

@: spider-form (expiring)
A: venomous fangs, AC +6, tiny, unfitting armour, (cold-blooded)
a: End Transformation


You were on level 3 of the Dungeon.
You were a venomous arachnid creature.
You visited 1 branch of the dungeon, and saw 4 of its levels.

You collected 141 gold pieces.

Inventory:

Hand Weapons
 b - a +0 dagger (melded)
Jewellery
 a - an amulet of guardian spirit (around neck)
Scrolls
 c - 7 scrolls of identify {unknown}
 d - a scroll of noise {unknown}
 f - 2 scrolls of acquirement {unknown}
 g - 2 scrolls of enchant armour {unknown}


   Skills:
 - Level 1.1 Fighting
 - Level 1.7 Dodging
 - Level 3.0 Unarmed Combat
 - Level 2.0 Spellcasting
 + Level 7.4 Transmutations


You had 3 spell levels left.
You knew the following spells:

 Your Spells              Type           Power      Damage    Failure   Level
a - Beastly Appendage     Tmut           50%        N/A       5%          1
b - Spider Form           Tmut/Pois      6%         N/A       32%         3
c - Wereblood             Tmut           25%        N/A       7%          2

Your spell library contained the following spells:

 Spells                   Type           Power      Damage    Failure   Level
 Animate Skeleton         Necr           2%         N/A       41%         1
 Pain                     Necr           4%         1d4       41%         1
 Static Discharge         Conj/Air       1%         N/A       52%         2
 Vampiric Draining        Necr           0%         2d6       73%         3
 Ice Form                 Ice/Tmut       13%        N/A       63%         4
 Lightning Bolt           Conj/Air       0%         1d11      100%        5
 Maxwell's Capacitive Co  Air            0%         ∞         100%        8


Dungeon Overview and Level Annotations

Branches:
Dungeon (4/15)
 Temple: D:4-7

Altars:
Trog

Shops:
D:1 *


Innate Abilities, Weirdness & Mutations

You are a venomous arachnid creature.
You have poisonous fangs.
You are tiny and dextrous.
Your spellcasting is less reliable in this form.
Your armour is entirely melded.
You are incapable of wielding weapons or throwing items.
((Your plain brown scales are hard. (AC +6)))
You cannot fit into any form of body armour.
((You are cold-blooded and may be slowed by cold attacks.))


Message History

You turn into a venomous arachnid creature.
Your +0 dagger melds into your body.
The orc wizard mumbles some strange words.
The orc wizard flickers and vanishes!
Deactivating autopickup; reactivate with Ctrl-A.
You hit the orc priest but do no damage.
The orc priest is poisoned.
The orc priest invokes the aid of Beogh against you.
Pain shoots through your body! The orc priest misses you.
You climb upwards.
Reactivating autopickup.
There is a stone staircase leading down here.
You hit the orc priest but do no damage.
The orc priest looks as sick as possible!
The orc priest hits you with a +0 flail!
You barely miss the orc priest.
The orc priest is lightly wounded.
The orc priest closely misses you.
You barely miss the orc priest.
The orc priest is lightly wounded.
Your transformation is almost over.
The orc priest misses you.
You hit the orc priest but do no damage.
The orc priest looks as sick as possible!
The orc priest is moderately wounded.
The orc priest hits you with a +0 flail.
You hit the orc priest.
The orc priest looks as sick as possible!
The orc priest is moderately wounded.
The orc priest hits you with a +0 flail!
* * * LOW HITPOINT WARNING * * *
You aren't carrying any potions.
Unknown command.
You hit the orc priest.
The orc priest looks as sick as possible!
The orc priest is severely wounded.
The orc priest calls down the wrath of Beogh upon you.
Pain shoots through your body!
You die...

..# ####.(........#
#.## #..........# #.§#
##..........#
...####...........#
..................#
..#....[..........#
.^....#...........#
....#............o#
....##..........s.#
....#...##....######
....#.#............##
......#.####.###....#
...####.# #.# ######
...####.# ##.#########
........###.8........#
.######..............#
.# #.##..8........#


You could see an orc priest (extremely poisoned).

Vanquished Creatures
  An orc warrior (D:3)
  An ogre (D:4)
  A centaur skeleton (D:4)
  A hound (D:4)
  Robin (D:3)
  9 adders
  An ufetubus (D:4)
  An adder skeleton (D:4)
  A worm (D:3)
  3 dart slugs
  7 orcs (D:3)
  5 ball pythons
  2 bats
  10 endoplasms
  3 giant cockroaches
  15 goblins
  9 hobgoblins
  2 jackals (D:4)
  7 kobolds
  6 quokkas
  3 frilled lizards
  4 rats
93 creatures vanquished.

Vanquished Creatures (others)
  A hobgoblin (D:3)
  A bat (D:1)
2 creatures vanquished.

Grand Total: 95 creatures vanquished

Notes
Turn   | Place    | Note
-------+----------+-------------------------------------------
     0 | D:1      | barney the Draconian Transmuter began the quest for the
                  | Orb.
     0 | D:1      | Reached XP level 1. HP: 16/16 MP: 3/3
   197 | D:1      | Reached XP level 2. HP: 7/23 MP: 1/5
   551 | D:1      | Reached skill level 3 in Transmutations
  1424 | D:1      | Reached XP level 3. HP: 28/28 MP: 4/6
  1428 | D:1      | Learned a level 3 spell: Spider Form
  1431 | D:1      | Learned a level 2 spell: Wereblood
  1591 | D:1      | Found Aryhaogh's Assorted Antiques.
  2247 | D:2      | Reached skill level 4 in Transmutations
  2321 | D:2      | Reached XP level 4. HP: 24/35 MP: 0/7
  4090 | D:3      | Reached skill level 5 in Transmutations
  4126 | D:3      | Noticed Robin
  4144 | D:3      | Killed Robin
  4165 | D:3      | Reached XP level 5. HP: 35/40 MP: 0/8
  4281 | D:3      | Found a bloodstained altar of Trog.
  4532 | D:3      | Found a faded altar of an unknown god.
  5044 | D:4      | Reached skill level 6 in Transmutations
  5477 | D:4      | Noticed an orc warrior
  5724 | D:4      | Reached XP level 6. HP: 38/47 MP: 5/9
  5937 | D:3      | Killed an orc warrior
  5938 | D:3      | Reached skill level 7 in Transmutations
  6385 | D:3      | Killed from afar by an orc priest

Illustrated notes

Levels and vault maps discovered:
D:1:      arrival_zaba_pyramid, layout_basic, serial_shops, shop
D:2:      layout_basic
D:3:      layout_rooms, amcnicky_altar_gilded, ebering_ecumenical_altar_ruins,
          uniq_robin
D:4:      cheibrodos_greedy_goblins, layout_basic, minmay_misc_feat_tiny

Skill      XL: |  1  2  3  4  5  6 |
---------------+-------------------+-----
Transmutations | 3 4 5 6 7 |  7.4
Fighting       | |  1.1
Dodging        | |  1.7
Unarmed Combat | |  3.0
Spellcasting   | |  2.0

Action                   |  1- 3 |  4- 6 || total
-------------------------+-------+-------++-------
Melee: Unarmed           |    35 |   120 ||   155
       Kick              |     8 |     3 ||    11
       Tailslap          |    11 |     6 ||    17
       Headbutt          |     6 |     4 ||    10
       Dagger            |    82 |    96 ||   178
       Punch             |     1 |       ||     1
 Cast: Beastly Appendage |    15 |    12 ||    27
       Spider Form       |     2 |    22 ||    24
       Wereblood         |       |     5 ||     5
  Use: Potion            |       |     5 ||     5
 Stab: Sleeping          |     2 |       ||     2
       Invisible         |       |     3 ||     3
       Distracted        |       |     1 ||     1
Armor: Skin              |    31 |    44 ||    75
Dodge: Dodged            |    74 |   190 ||   264
